 Dungeon Crawl Stone Soup version 0.31-a0-728-g01b46875f1 (webtiles) character file.

Game seed: 8738522043967864492

17474 bobo the Thaumaturge (level 12, -2/72 HPs)
             Began as a Deep Elf Earth Elementalist on Sept 9, 2023.
             Was a Priest of Vehumet.
             Slain by an elephant (6 damage)
             ... on level 1 of the Lair of Beasts on Sept 11, 2023.
             The game lasted 00:54:17 (15589 turns).

bobo the Thaumaturge (Deep Elf Earth Elementalist) Turns: 15589, Time: 00:54:18

Health: -2/72      AC: 17    Str:  5    XL:     12   Next: 19%
Magic:  25/28      EV: 14    Int: 26    God:    Vehumet [***...]
Gold:   809        SH:  0    Dex: 15    Spells: 5/31 levels left

rFire   . . .        k - staff of earth
rCold   . . .        (no shield)
rNeg    + . .        t - +2 robe {rN+}
rPois   +            b - +2 hat {Stlth+}
rElec   .            I - +0 cloak {rPois}
rCorr   .            F - +0 pair of gloves
SInv    .            r - +0 pair of boots
Will    +....        (no amulet)
Stlth   ++++         e - +4 ring of protection
HPRegen 0.32/turn    s - +4 ring of protection
MPRegen 0.21/turn

%: no passive effects
@: no status effects
A: no striking features
a: Renounce Religion


You were on level 1 of the Lair of Beasts.
You worshipped Vehumet.
Vehumet was most pleased with you.
You visited 3 branches of the dungeon, and saw 13 of its levels.

You collected 809 gold pieces.

Inventory:

Hand Weapons
 c - a +0 vampiric dagger
 l - the +5 mace of Melee {venom, Fly rC+ MP+9}
   (You found it on level 3 of the Dungeon)

   rC+:       It protects you from cold.
   MP+9:      It affects your magic capacity (+9).
   Fly:       It grants you flight.
Missiles
 G - 11 throwing nets
Armour
 b - a +2 hat of stealth (worn)
 r - a +0 pair of boots (worn)
 t - a +2 robe of positive energy (worn)
 F - a +0 pair of gloves (worn)
 I - a +0 cloak of poison resistance (worn)
 K - a +0 troll leather armour
Magical Staves
 j - a staff of conjuration
 k - a staff of earth (weapon)
Jewellery
 d - a ring of fire
 e - a +4 ring of protection (left hand)
 s - a +4 ring of protection (right hand)
 N - a ring of flight
 O - a ring of resist corrosion
Wands
 a - a wand of acid (11)
 m - a wand of roots (19)
 o - a wand of polymorph (8)
 u - a wand of mindburst (18)
 y - a wand of flame (15)
 H - a wand of charming (9)
 R - a wand of digging (3)
Scrolls
 g - 2 scrolls of enchant armour
 q - 3 scrolls of enchant weapon
 v - 2 scrolls of identify
 A - 3 scrolls of vulnerability {unknown}
 B - 4 scrolls of revelation {unknown}
 C - 2 scrolls of poison
 E - 3 scrolls of silence
 J - a scroll of immolation {unknown}
 M - a scroll of teleportation
 Q - a scroll of fear {unknown}
Potions
 f - 3 potions of brilliance
 h - a potion of resistance
 i - a potion of haste {unknown}
 n - 2 potions of lignification {unknown}
 p - 3 potions of enlightenment
 w - 6 potions of curing
 x - a potion of mutation {unknown}
 z - a potion of cancellation {unknown}
 D - 3 potions of attraction {unknown}
 L - 2 potions of heal wounds {unknown}


   Skills:
 + Level 7.6 Fighting
 + Level 4.8 Dodging
 + Level 5.1 Stealth
 - Level 10.0 Spellcasting
 + Level 8.8 Conjurations
 + Level 3.5 Hexes
 + Level 2.0 Translocations
 + Level 9.1 Transmutations
 - Level 4.0 Ice Magic
 - Level 4.0 Air Magic
 - Level 10.0 Earth Magic


You had 5 spell levels left.
You knew the following spells:

 Your Spells              Type           Power      Damage    Failure   Level
a - Sandblast             Erth           100%       2d20      1%          1
d - Static Discharge      Conj/Air       92%        2-6/arc   1%          2
f - Dazzling Flash        Conj/Hex       90%        N/A       1%          3
q - Petrify               Tmut/Erth      76%        N/A       1%          4
s - Shock                 Conj/Air       100%       1d9       1%          1
w - Passwall              Tmut/Erth      63%        N/A       1%          2
x - Ozocubu's Armour      Ice            33%        N/A       2%          3
z - Stone Arrow           Conj/Erth      100%       3d13      1%          3
D - Arcjolt               Conj/Air       23%        1d33      2%          5
Z - Blink                 Tloc           46%        N/A       3%          2

Your spell library contained the following spells:

 Spells                   Type           Power      Damage    Failure   Level
 Sticky Flame             Conj/Fire      36%        2d6       2%          4
 Vhi's Electric Charge    Tloc/Air       56%        N/A       13%         4
 Manifold Assault         Tloc           23%        N/A       21%         4
 Ozocubu's Refrigeration  Ice            16%        4d11      85%         7
 Maxwell's Capacitive Co  Air            16%        ∞         100%        8


Dungeon Overview and Level Annotations

Branches:
Dungeon (11/15)            Temple (1/1) D:7            Lair (1/5) D:8
    Orc (0/2) D:9

Altars:
Ashenzari
Cheibriados
Dithmenos
Elyvilon
Fedhas
Gozag
Hepliaklqana
Kikubaaqudgha
Makhleb
Nemelex Xobeh
Okawaru
Qazlal
Ru
Sif Muna
Trog
Uskayaw
Vehumet
Wu Jian
Xom
Yredelemnul
Zin
The Shining One
Lugonu

Shops:
D:2 (   D:3 ?   D:8 *   D:11 (

Portals:
Abyss: D:6

Annotations:
D:4 1 runed translucent door, Crazy Yiuf
D:6 2 runed translucent doors
D:9 2 runed translucent doors, cforsyth's ghost, novice DjCA


Message History

The elephant trunk-slaps you but does no damage.
You hit the elephant but do no damage.
The elephant is severely wounded.
The elephant tramples you but does no damage.
The elephant trunk-slaps you but does no damage.
You hit the elephant but do no damage.
The elephant is severely wounded.
The elephant tramples you!
You hold your ground!
The elephant barely misses you.
You hit the elephant.
The elephant is severely wounded.
The elephant barely misses you.
The elephant trunk-slaps you but does no damage.
You hit the elephant.
You shatter the elephant.
The elephant is almost dead.
The elephant tramples you.
You stumble backwards!
You barely miss the elephant.
The elephant is almost dead.
The elephant barely misses you.
The elephant trunk-slaps you but does no damage.
The elephant closely misses you.
The elephant trunk-slaps you but does no damage.
You hit the elephant but do no damage.
The elephant is almost dead.
The elephant closely misses you. The elephant trunk-slaps you.
* * * LOW HITPOINT WARNING * * *
You hit the elephant but do no damage.
The elephant is almost dead.
The elephant tramples you.
* * * LOW HITPOINT WARNING * * *
You hold your ground!
The elephant trunk-slaps you but does no damage.
You hit the elephant but do no damage.
The elephant is almost dead.
The elephant tramples you!
* * * LOW HITPOINT WARNING * * *
You hold your ground!
The elephant trunk-slaps you.
* * * LOW HITPOINT WARNING * * *
Magic courses through your body. The elephant tramples you.
You die...

## ########## ###
###.###P.##.##.####.##
#.....................
#.........#######.....
#.###'###.# #P.....
#..@..#.# ##.....
#...Y.#.# #.....
#.....#.# #.....
#..#..##†.# #......
#P...... ..# #P.....
##...... .... ...
#...... ...$. ###
#.....####.#... #.....
..#..


You could see an elephant.

Vanquished Creatures
  Gastronok (D:7)
  Harold (Lair:1)
  Erica (D:8)
  A death yak (D:7)
  3 two-headed ogres
  Pikel (D:8)
  3 elephants
  Maurice (D:8)
  Joseph (D:7)
  2 cane toads (Lair:1)
  Psyche (D:8)
  An unseen horror (D:11)
  A komodo dragon (D:9)
  A troll (D:9)
  Prince Ribbit (D:9)
  A hornet (D:10)
  5 blink frogs (Lair:1)
  2 wyverns (D:8)
  2 shadows
  11 yaks
  A wraith (D:11)
  2 steam dragons
  Duvessa (D:6)
  3 water moccasins
  6 orc warriors
  2 ice beasts
  3 sky beasts
  5 black bears
  An ogre (D:4)
  2 centaurs
  4 lemures (D:8)
  The ghost of Wurlitzer the Firebug, an amateur DEFE (D:3)
  2 kobold brigands (D:9)
  5 bullfrogs
  A gnoll sergeant (D:8)
  A scorpion (D:5)
  3 wights (D:8)
  Dowan (D:6)
  13 killer bees (D:9)
  5 howler monkeys
  2 bullfrog zombies (D:3)
  3 orc priests
  6 hounds
  5 gnoll boudas
  3 jellies
  A sleepcap (D:7)
  Ijyb (D:5)
  Natasha (thrice) (D:2)
  8 orc wizards
  37 gnolls
  A howler monkey skeleton (D:3)
  14 adders
  A shadow imp (D:7)
  2 white imps
  2 worms
  30 orcs
  7 ball pythons
  6 endoplasms
  2 giant cockroaches
  7 goblins
  6 hobgoblins
  6 jackals
  3 quokkas
  6 bats
  2 frilled lizards (D:1)
  11 kobolds
  24 rats
302 creatures vanquished.

Notes
Turn   | Place    | Note
-------+----------+-------------------------------------------
     0 | D:1      | bobo the Deep Elf Earth Elementalist began the quest for
                  | the Orb.
     0 | D:1      | Reached XP level 1. HP: 10/10 MP: 6/6
     0 | D:1      | Upgraded the game from 0.31-a0-703-gcfe89afef6 to
                  | 0.31-a0-705-ga145531891
   220 | D:1      | Reached XP level 2. HP: 15/15 MP: 6/8
   319 | D:1      | Found a faded altar of an unknown god.
   599 | D:2      | Found Xelumud's Weapon Emporium.
   602 | D:2      | Reached XP level 3. HP: 20/20 MP: 7/10
   709 | D:2      | Reached skill level 1 in Fighting
   865 | D:2      | Found a bloodstained altar of Trog.
   917 | D:2      | Reached XP level 4. HP: 25/25 MP: 8/11
  1004 | D:2      | Learned a level 2 spell: Passwall
  1008 | D:2      | Learned a level 3 spell: Stone Arrow
  1051 | D:2      | Noticed Natasha
  1055 | D:2      | Killed Natasha
  1114 | D:2      | Noticed Natasha
  1120 | D:2      | Killed Natasha
  1121 | D:2      | Reached skill level 1 in Conjurations
  1200 | D:2      | Noticed Natasha
  1202 | D:2      | Killed Natasha
  1203 | D:2      | Reached XP level 5. HP: 29/29 MP: 9/13
  1755 | D:3      | Learned a level 4 spell: Petrify
  1772 | D:3      | Found a broken altar of Ashenzari.
  1968 | D:3      | Found a stormy altar of Qazlal.
  1968 | D:3      | Noticed a sky beast
  2060 | D:3      | Identified the +5 mace of Melee {venom, Fly rC+ MP+9}
  2350 | D:3      | Killed a sky beast
  2351 | D:3      | Reached XP level 6. HP: 35/35 MP: 6/15
  2485 | D:3      | Found a runed translucent gate.
  2485 | D:3      | Found a runed translucent gate.
  2485 | D:3      | Found a runed translucent gate.
  2487 | D:3      | Noticed Wurlitzer's ghost (amateur DEFE)
  2510 | D:3      | Reached skill level 5 in Spellcasting
  2525 | D:3      | Killed Wurlitzer's ghost
  2818 | D:3      | Found Neas's Magic Scroll Shop.
  3195 | D:4      | Reached XP level 7. HP: 40/40 MP: 4/17
  3429 | D:4      | Found a runed translucent door.
  3430 | D:4      | Noticed Crazy Yiuf
  3511 | D:4      | Found a glowing silver altar of Zin.
  3511 | D:4      | Noticed an angel
  3624 | D:5      | Entered Level 5 of the Dungeon
  3644 | D:5      | Reached skill level 5 in Earth Magic
  4038 | D:5      | Noticed Ijyb
  4046 | D:5      | Killed Ijyb
  4563 | D:5      | Reached XP level 8. HP: 46/46 MP: 15/19
  4743 | D:6      | Noticed Duvessa
  4744 | D:6      | Noticed Dowan
  4857 | D:6      | Found a one-way gate to the infinite horrors of the Abyss.
  5077 | D:6      | Reached skill level 5 in Transmutations
  5331 | D:6      | Reached skill level 5 in Conjurations
  5604 | D:6      | Found a large runed translucent door.
  5604 | D:6      | Found a large runed translucent door.
  5605 | D:6      | Found a corrupted altar of Lugonu.
  6160 | D:7      | Found a sparkling altar of Nemelex Xobeh.
  6163 | D:7      | Found a staircase to the Ecumenical Temple.
  6172 | Temple   | Entered the Ecumenical Temple
  6176 | Temple   | Became a worshipper of Vehumet
  6303 | D:7      | Noticed Joseph
  6493 | D:6      | Killed Duvessa
  6494 | D:6      | Reached XP level 9. HP: 51/52 MP: 10/20
  6564 | D:6      | Killed Dowan
  7290 | D:7      | Killed Joseph
  7492 | D:7      | Reached skill level 5 in Fighting
  7552 | D:7      | Reached * piety under Vehumet
  7552 | D:7      | Offered knowledge of Shock by Vehumet.
  7555 | D:7      | Learned a level 1 spell: Shock
  8172 | D:8      | Found an ancient bone altar of Kikubaaqudgha.
  8183 | D:8      | Noticed Gastronok
  8325 | D:7      | Killed Gastronok
  8326 | D:7      | Reached XP level 10. HP: 39/60 MP: 16/24
  8637 | D:8      | Noticed an elephant
  8637 | D:8      | Noticed Psyche
  8637 | D:8      | Found Wohar's Assorted Antiques.
  8849 | D:7      | Learned a level 3 spell: Ozocubu's Armour
  9098 | D:8      | Noticed Pikel
  9212 | D:8      | Noticed Erica
  9361 | D:8      | Found a staircase to the Lair.
  9361 | D:8      | Noticed a death yak
  9495 | D:8      | Killed Erica
  9496 | D:8      | Reached skill level 1 in Ice Magic
  9496 | D:8      | Reached skill level 1 in Air Magic
  9844 | D:8      | Killed Psyche
  9937 | D:8      | Killed Pikel
 10158 | D:8      | Killed an elephant
 10653 | D:7      | Killed a death yak
 10654 | D:7      | Reached XP level 11. HP: 44/66 MP: 1/26
 10993 | D:8      | Noticed Maurice
 11039 | D:8      | Killed Maurice
 11516 | D:9      | Found a large runed translucent door.
 11516 | D:9      | Found a large runed translucent door.
 11517 | D:9      | Noticed cforsyth's ghost (novice DjCA)
 11526 | D:9      | Noticed a two-headed ogre
 11534 | D:9      | Killed a two-headed ogre
 11535 | D:9      | Reached skill level 10 in Spellcasting
 11748 | D:8      | Upgraded the game from 0.31-a0-705-ga145531891 to
                  | 0.31-a0-728-g01b46875f1
 11932 | D:9      | Noticed a two-headed ogre
 11942 | D:9      | Killed a two-headed ogre
 12088 | D:9      | Reached ** piety under Vehumet
 12175 | D:9      | Offered knowledge of Static Discharge by Vehumet.
 12179 | D:9      | Learned a level 2 spell: Static Discharge
 12367 | D:9      | Found a staircase to the Orcish Mines.
 12452 | D:9      | Found a hazy altar of Hepliaklqana.
 12458 | D:9      | Found a snail-covered altar of Cheibriados.
 12460 | D:9      | Noticed Prince Ribbit
 12474 | D:9      | Reached skill level 10 in Earth Magic
 12500 | D:9      | Killed Prince Ribbit
 12742 | D:9      | Found a shadowy altar of Dithmenos.
 13233 | D:9      | Offered knowledge of Dazzling Flash by Vehumet.
 13238 | D:9      | Learned a level 3 spell: Dazzling Flash
 13418 | D:10     | Entered Level 10 of the Dungeon
 13515 | D:10     | Reached skill level 1 in Hexes
 13794 | D:10     | Reached *** piety under Vehumet
 13906 | D:10     | Found a white marble altar of Elyvilon.
 14042 | D:10     | Found a glowing golden altar of the Shining One.
 14057 | D:10     | Found a basalt altar of Yredelemnul.
 14105 | D:10     | Found a bloodstained altar of Trog.
 14214 | D:11     | Noticed a two-headed ogre
 14230 | D:11     | Found Fulaic's Weapon Shop.
 14240 | D:11     | Killed a two-headed ogre
 14364 | D:11     | Noticed a two-headed ogre
 14473 | Lair:1   | Entered Level 1 of the Lair of Beasts
 14515 | Lair:1   | Learned a level 2 spell: Blink
 14521 | Lair:1   | Learned a level 5 spell: Arcjolt
 14763 | Lair:1   | Noticed Harold
 14981 | Lair:1   | Killed Harold
 14982 | Lair:1   | Reached skill level 1 in Translocations
 14982 | Lair:1   | Reached XP level 12. HP: 72/72 MP: 1/28
 15155 | Lair:1   | Offered knowledge of Sticky Flame by Vehumet.
 15570 | Lair:1   | Reached skill level 5 in Stealth
 15589 | Lair:1   | Slain by an elephant

Illustrated notes

Levels and vault maps discovered:
D:1:      lightli_arrival_flooded_house, layout_rooms,
          hellmonk_ecumenical_altar_arch_garden
D:2:      layout_loops_cross, basic_altar, serial_shops, shop, kennysheep_nub,
          nicolae_eternal_life, minmay_surrounded, uniq_natasha
D:3:      layout_basic, nicolae_qazlal_beasts_of_the_sky,
          mainiacjoe_overflow_cross_hatched, serial_shops,
          nicolae_shop_rolled_up, gammafunk_ghost_necromancy, minmay_rat_hole
D:4:      layout_rooms, zin_angel, uniq_crazy_yiuf_cottage
D:5:      layout_basic, serial_rivers, chequers_serial_rivers_marsh,
          chequers_serial_rivers_marsh, chequers_serial_rivers_large_a,
          chequers_serial_rivers_micro_c, grunt_decor_cap,
          minmay_misc_feat_diagonals, mrwooster_statue_mirror, uniq_ijyb
D:6:      due_chaos_kobolds, layout_loops_ring, uniq_duvessa
D:7:      layout_layer_cave, mainiacjoe_overflow_brackets,
          minmay_temple_entry_arrows, uniq_joseph
D:8:      layout_loops_cross, mainiacjoe_overflow_catwalk, david_lair_generic,
          serial_shops, nicolae_stop_n_shop_1, lightli_corner_chamber,
          uniq_maurice, uniq_gastronok, uniq_psyche, uniq_pikel, uniq_erica
D:9:      layout_irregular_city, mainiacjoe_overflow_tiny_flanked, erik_orc_3,
          ebering_ghost_disaster_area, hangedman_feature_mirror,
          uniq_prince_ribbit1
D:10:     layout_roguey, nicolae_overflow_quartered_altars, st_stairs_9
D:11:     layout_rooms, serial_shops, shop, minmay_fractal_squares_5
Temple:   hellmonk_temple_two_chambers
Lair:1:   layout_chaotic_city, infiniplex_staircase_pool_2, grunt_megastairs_4,
          uniq_harold

Skill      XL: |  1  2  3  4  5  6  7  8  9 10 11 12 |
---------------+-------------------------------------+-----
Transmutations | 2 3 4 6 7 8 9 |  9.1
Fighting       | 1 2 3 4 5 6 7 |  7.6
Spellcasting   | 4 5 6 8 9 10 | 10.0
Earth Magic    | 4 5 6 8 9 10 | 10.0
Conjurations   | 1 2 3 4 5 7 8 |  8.8
Ice Magic      | 3 4 |  4.0
Air Magic      | 3 4 |  4.0
Stealth        | 4 5 |  5.1
Dodging        | 4 |  4.8
Hexes          | 2 3 |  3.5
Translocations | 1 2 |  2.0

Action                     |  1- 3 |  4- 6 |  7- 9 | 10-12 || total
---------------------------+-------+-------+-------+-------++-------
  Melee: Dagger            |     7 |       |       |    17 ||    24
         Staff             |       |     3 |    23 |    44 ||    70
         Punch             |       |       |     2 |     1 ||     3
   Cast: Sandblast         |    44 |    82 |    97 |    40 ||   263
         Stone Arrow       |       |    10 |    61 |   214 ||   285
         Petrify           |       |     3 |    24 |    26 ||    53
         Passwall          |       |     2 |     1 |     3 ||     6
         Shock             |       |       |       |    66 ||    66
         Ozocubu's Armour  |       |       |       |    14 ||    14
         Static Discharge  |       |       |       |    26 ||    26
         Dazzling Flash    |       |       |       |     5 ||     5
         Blink             |       |       |       |     1 ||     1
         Arcjolt           |       |       |       |     3 ||     3
  Evoke: Wand              |       |       |       |     2 ||     2
    Use: Scroll            |       |     2 |     6 |     6 ||    14
         Potion            |       |       |     1 |     1 ||     2
   Stab: Petrified         |       |       |     6 |     2 ||     8
         Petrifying        |       |       |       |     1 ||     1
 Armour: Robe              |    23 |    18 |    63 |   152 ||   256
  Dodge: Dodged            |    23 |    24 |    37 |   127 ||   211

Table legend: (Time is in decaauts)
 A = Elapsed time spent in this place.
 B = Non-inter-level travel time spent in this place.
 C = Inter-level travel time spent in this place.
 D = Time resting spent in this place.
 E = Time spent auto-exploring this place.
 F = Levels seen in this place.
 G = Mean time per level.
                   A        B        C        D        E       F      G
               +--------+--------+--------+--------+--------+-----+--------+
         Total |  15783 |  14876 |    907 |   1491 |  10784 |  13 | 1214.1 |
       Dungeon |  14753 |  13846 |    907 |   1363 |  10067 |  11 | 1341.2 |
        Temple |      8 |      8 |      0 |      0 |      0 |   1 |    8.0 |
          Lair |   1021 |   1021 |      0 |    128 |    717 |   1 | 1021.0 |
               +--------+--------+--------+--------+--------+-----+--------+

Top non-repeatable levels by time:
     D:8: 2641 daAuts
     D:7: 2506 daAuts
     D:9: 1928 daAuts
     D:5: 1485 daAuts
     D:6: 1477 daAuts
     D:2: 1277 daAuts
     D:3: 1095 daAuts
  Lair:1: 1021 daAuts
    D:10: 736 daAuts
     D:4: 713 daAuts
     D:1: 610 daAuts
    D:11: 281 daAuts
  Temple: 8 daAuts
